 Dungeon Sprint DCSS version 0.16-a0-4078-g0e80503 (console) character file.

13900000 Monkaria the Axe Maniac (level 27, -34/272 (273) HPs)
             Began as a Ghoul Gladiator on Feb 22, 2015.
             Was the Champion of Makhleb.
             Annihilated by a bag of meat
             ... wielding a +9 war axe
              (43 damage)
             ... in the Dungeon (Sprint VIII: "Arena of Blood").
             The game lasted 00:04:28 (139 turns).

Monkaria the Axe Maniac (Ghoul Gladiator)            Turns: 139, Time: 00:04:29

HP:   -34/272 (273) AC:  8    Str: 23    XL:     27
MP:   39/49         EV: 25    Int: 10    God:    Makhleb [******]
Gold: 0             SH:  0    Dex: 11    Spells: 0 memorised, 80 levels left

rFire  . . .     SeeInvis .     i - +∞ Axe of Woe
rCold  + . .     Clarity  .     b - +0 leather armour
rNeg   + + +     SustAb   .     (no shield)
rPois  ∞         Gourm    .     c - +0 helmet
rElec  .         Spirit   .     (no cloak)
rCorr  .         Warding  .     (no gloves)
rMut   .         NoTele   +     (no boots)
MR     ++...                    (no amulet)
Stlth  +++++++++.               a - +250 ring of slaying
                                k - +200 ring of slaying

@: rotting, slowed, constricted, very slow, very resistant to hostile
enchantments, incredibly stealthy
A: rotting body, claws 1, carnivore 3, cold resistance 1, negative energy
resistance 3, poison resistance, slow healing 1, torment resistance, unbreathing
a: Minor Destruction, Lesser Servant of Makhleb, Major Destruction, Greater
Servant of Makhleb, Renounce Religion


You were in the Dungeon.
You worshipped Makhleb.
Makhleb was exalted by your worship.
You were not hungry.

You visited 1 branch

Inventory:

Hand weapons
 i - the +∞ Axe of Woe (weapon)
   (You found it in the Dungeon)
Missiles
 d - 3 throwing nets (quivered)
Armour
 b - a +0 leather armour (worn)
 c - a +0 helmet (worn)
Jewellery
 a - a +250 ring of slaying (right claw)
 k - a +200 ring of slaying (left claw)
 l - a +200 ring of slaying
Scrolls
 j - a scroll of blinking
Potions
 e - a potion of curing
 f - a potion of heal wounds
 g - a potion of haste
 h - 2 potions of magic


   Skills:
 O Level 27 Fighting
 O Level 27 Axes
 O Level 27 Throwing
 O Level 27 Armour
 O Level 27 Dodging
 O Level 27 Stealth
 O Level 27 Unarmed Combat
 O Level 27 Spellcasting
 O Level 27 Invocations


You had 80 spell levels left.
You didn't know any spells.

Dungeon Overview and Level Annotations

Branches:
Dungeon (1/1)

Altars:
Makhleb

Annotations:
D The Servant


Innate Abilities, Weirdness & Mutations

Your body is rotting away.
You thrive on raw meat.
You have sharp fingernails.
You are carnivorous and can eat meat at any time.
Your flesh is cold resistant.
You are immune to negative energy.
Your system is resistant to poisons.
You heal slowly when monsters are visible.
You are immune to unholy pain and torment.
You can survive without breathing.


Message History

* * * LOW HITPOINT WARNING * * *
The eight-headed meat hydra bites you but does no damage. x3
The eight-headed meat hydra bites you.
* * * LOW HITPOINT WARNING * * *
The eight-headed meat hydra bites you!
* * * LOW HITPOINT WARNING * * *
You hear a shout! x4
The tentacled monstrosity completely misses you.
The tentacled monstrosity misses you.
The tentacled monstrosity tentacle-slaps you!
* * * LOW HITPOINT WARNING * * *
x2 The tentacled monstrosity constricts you.
The meat beast completely misses you. The meat beast tramples you!
* * * LOW HITPOINT WARNING * * *
You hold your ground!
The accursed casts a spell at you. Something smites you!
* * * LOW HITPOINT WARNING * * *
The bag of meat hits you with a +9 war axe!!!
You die...

....L.... #... .M.#
#... .X§# ..###...
...###..
.%...M###o%....
......_.....o
#))§XX# . . #_)2DL#
...
.....#)))@p#......
#.......)_oX@z...p.
.......###O.......
..###... ...###S. .
#... ...# . #...
...# .........
..... ..... . ....


You could see 2 accurseds, a tentacled monstrosity, a meat beast, a tyrant, The
Servant, an eight-headed meat hydra, a scourge (wandering), 2 fleshlords, a
sculptor of flesh, 3 large abominations, a meat berserker (berserk) and 2 bags
of meat.

Vanquished Creatures
  4 great orbs of eyes (D)
  4 greater mummies (D)
  A hell beast (D)
  4 hell knights (D)
  5 hill giants (D)
  5 hydras (D)
  4 liches (D)
  23 ogres (D)
  47 orcs (D)
  2 phantoms (D)
  5 skeletal warriors (D)
  10 vampire knights (D)
  7 wraiths (D)
  A sea snake (D)
  6 large abominations (D)
  A tentacled monstrosity (D)
  6 small abominations (D)
  A soul eater (D)
  11 crawling corpses (D)
147 creatures vanquished.

Vanquished Creatures (others)
  A crawling corpse (D)
1 creature vanquished.

Grand Total: 148 creatures vanquished

Notes
Turn   | Place    | Note
--------------------------------------------------------------
     0 | D        | Monkaria, the Ghoul Gladiator, began the quest for the Orb.
     0 | D        | Reached XP level 1. HP: 17/17 MP: 1/1
     2 | D        | Noticed a bag of meat
     2 | D        | Noticed a bag of meat
     3 | D        | Noticed a bag of meat
     4 | D        | Became a worshipper of Makhleb the Destroyer
     5 | D        | Noticed a bag of meat
     5 | D        | Noticed a bag of meat
     5 | D        | Killed a bag of meat
     5 | D        | Reached skill level 17 in Fighting
     5 | D        | Reached skill level 19 in Axes
     5 | D        | Reached XP level 2. HP: 19/51 MP: 2/2
     5 | D        | Reached XP level 3. HP: 21/58 MP: 3/3
     5 | D        | Reached XP level 4. HP: 23/66 MP: 3/3
     5 | D        | Reached XP level 5. HP: 25/73 MP: 4/4
     5 | D        | Reached XP level 6. HP: 27/81 MP: 5/5
     5 | D        | Reached XP level 7. HP: 29/88 MP: 5/5
     5 | D        | Reached XP level 8. HP: 31/95 MP: 6/6
     5 | D        | Reached XP level 9. HP: 33/102 MP: 7/7
     5 | D        | Reached XP level 10. HP: 35/111 MP: 7/7
     5 | D        | Reached XP level 11. HP: 36/117 MP: 8/8
     6 | D        | Noticed a bag of meat
     6 | D        | Noticed a bag of meat
     7 | D        | Noticed a bag of meat
     8 | D        | Noticed a meat berserker
     8 | D        | Noticed a meat berserker
     8 | D        | Killed a bag of meat
     8 | D        | Acquired Makhleb's first power
     8 | D        | Reached skill level 22 in Axes
     8 | D        | Reached XP level 12. HP: 38/130 MP: 9/9
     9 | D        | Noticed a bag of meat
     9 | D        | Noticed a meat berserker
     9 | D        | Killed a bag of meat
     9 | D        | Reached skill level 24 in Axes
     9 | D        | Reached XP level 13. HP: 71/141 MP: 9/9
    10 | D        | Killed a bag of meat
    10 | D        | Acquired Makhleb's second power
    10 | D        | Reached skill level 25 in Axes
    10 | D        | Reached XP level 14. HP: 75/154 MP: 10/10
    10 | D        | Killed a bag of meat
    10 | D        | Reached skill level 26 in Axes
    11 | D        | Noticed a meat berserker
    12 | D        | Noticed a bag of meat
    12 | D        | Killed a bag of meat
    12 | D        | Acquired Makhleb's third power
    12 | D        | Reached skill level 27 in Axes
    12 | D        | Reached XP level 15. HP: 112/170 MP: 11/11
    12 | D        | Killed a meat berserker
    12 | D        | Reached skill level 27 in Fighting
    13 | D        | Killed a meat berserker
    13 | D        | Killed a meat berserker
    13 | D        | Acquired Makhleb's fourth power
    13 | D        | Reached XP level 16. HP: 176/183 MP: 11/11
    13 | D        | Killed a meat berserker
    14 | D        | Killed a bag of meat
    14 | D        | Acquired Makhleb's fifth power
    15 | D        | Noticed a bag of meat
    15 | D        | Noticed a bag of meat
    15 | D        | Killed a bag of meat
    16 | D        | Killed a bag of meat
    16 | D        | Reached XP level 17. HP: 191/191 MP: 12/12
    17 | D        | Killed a bag of meat
    17 | D        | Reached skill level 27 in Dodging
    18 | D        | Killed a bag of meat
    20 | D        | Noticed a bag of meat
    20 | D        | Noticed a bag of meat
    20 | D        | Killed a bag of meat
    23 | D        | Noticed a bag of meat
    23 | D        | Noticed a bag of meat
    23 | D        | Killed a bag of meat
    23 | D        | Reached XP level 18. HP: 200/200 MP: 13/13
    25 | D        | Killed a bag of meat
    27 | D        | Noticed a large bag of meat
    27 | D        | Noticed a large bag of meat
    29 | D        | Noticed a bag of meat
    29 | D        | Killed a bag of meat
    30 | D        | Killed a bag of meat
    31 | D        | Killed a large bag of meat
    31 | D        | Reached skill level 27 in Armour
    32 | D        | Killed a bag of meat
    32 | D        | Reached skill level 15 in Invocations
    32 | D        | Reached XP level 19. HP: 207/207 MP: 13/34
    33 | D        | Noticed a bag of meat
    33 | D        | Noticed a bag of meat
    33 | D        | Noticed a bag of meat
    33 | D        | Noticed a bag of meat
    35 | D        | Killed a bag of meat
    36 | D        | Noticed a destroyer
    36 | D        | Noticed a destroyer
    37 | D        | Noticed a large bag of meat
    38 | D        | Noticed a meat berserker
    38 | D        | Noticed a bag of meat
    39 | D        | Noticed a meat berserker
    41 | D        | Noticed a destroyer
    41 | D        | Noticed a destroyer
    41 | D        | Killed a large bag of meat
    41 | D        | Killed a destroyer
    41 | D        | Killed a bag of meat
    41 | D        | Reached skill level 27 in Invocations
    42 | D        | Noticed a bag of meat
    42 | D        | Noticed a destroyer
    42 | D        | Noticed a meat berserker
    42 | D        | Killed a meat berserker
    42 | D        | Reached skill level 15 in Stealth
    42 | D        | Reached XP level 20. HP: 216/216 MP: 15/41
    43 | D        | Killed a bag of meat
    43 | D        | Killed a destroyer
    43 | D        | Killed a meat berserker
    44 | D        | Noticed a sculptor of flesh
    44 | D        | Killed a bag of meat
    44 | D        | Reached skill level 27 in Stealth
    44 | D        | Killed a meat berserker
    45 | D        | Noticed a bag of meat
    45 | D        | Noticed a large bag of meat
    45 | D        | Noticed a bag of meat
    46 | D        | Killed a destroyer
    46 | D        | Killed a destroyer
    46 | D        | Reached XP level 21. HP: 89/224 MP: 16/42
    47 | D        | Noticed a sculptor of flesh
    47 | D        | Killed a destroyer
    49 | D        | Noticed a bag of meat
    49 | D        | Killed a bag of meat
    49 | D        | Killed a bag of meat
    50 | D        | Killed a bag of meat
    51 | D        | Noticed an accursed
    51 | D        | Noticed a destroyer
    51 | D        | Killed a bag of meat
    51 | D        | Reached skill level 27 in Spellcasting
    52 | D        | Killed a destroyer
    52 | D        | Reached XP level 22. HP: 232/232 MP: 17/47
    53 | D        | Killed a sculptor of flesh
    54 | D        | Killed a sculptor of flesh
    55 | D        | Killed a large bag of meat
    56 | D        | Noticed a meat berserker
    56 | D        | Noticed a bag of meat
    56 | D        | Noticed a meat berserker
    57 | D        | Killed a meat berserker
    58 | D        | Noticed a bag of meat
    58 | D        | Noticed a large bag of meat
    58 | D        | Noticed a bag of meat
    58 | D        | Noticed a bag of meat
    59 | D        | Noticed a tyrant
    60 | D        | Noticed an accursed
    61 | D        | Noticed a bag of meat
    61 | D        | Killed a meat berserker
    61 | D        | Reached skill level 27 in Throwing
    61 | D        | Reached skill level 5 in Unarmed Combat
    62 | D        | Noticed an accursed
    62 | D        | Noticed a tyrant
    63 | D        | Killed an accursed
    63 | D        | Reached skill level 15 in Unarmed Combat
    64 | D        | Killed an accursed
    65 | D        | Killed a bag of meat
    65 | D        | Reached XP level 23. HP: 239/239 MP: 20/47
    66 | D        | Killed a bag of meat
    67 | D        | Noticed a meat berserker
    67 | D        | Killed a bag of meat
    67 | D        | Reached skill level 27 in Unarmed Combat
    67 | D        | Killed a large bag of meat
    68 | D        | Noticed a meat berserker
    68 | D        | Killed a tyrant
    69 | D        | Noticed a dread
    69 | D        | Noticed a destroyer
    70 | D        | Killed a bag of meat
    71 | D        | Noticed a meat berserker
    71 | D        | Noticed a bag of meat
    72 | D        | Killed an accursed
    72 | D        | Killed a destroyer
    73 | D        | Noticed a destroyer
    73 | D        | Killed a meat berserker
    73 | D        | Reached XP level 24. HP: 248/248 MP: 22/48
    74 | D        | Killed a meat berserker
    75 | D        | Noticed a meat berserker
    75 | D        | Killed a meat berserker
    77 | D        | Noticed a meat berserker
    77 | D        | Killed a dread
    78 | D        | Noticed a sculptor of flesh
    79 | D        | Noticed a bag of meat
    79 | D        | Killed a bag of meat
    80 | D        | Noticed a sculptor of flesh
    80 | D        | Killed a tyrant
    81 | D        | Killed a meat berserker
    81 | D        | Killed a meat berserker
    82 | D        | Noticed a meat berserker
    82 | D        | Noticed a meat berserker
    84 | D        | Noticed a bag of meat
    84 | D        | Killed a destroyer
    85 | D        | Noticed a bag of meat
    85 | D        | Noticed a bag of meat
    85 | D        | Noticed a destroyer
    85 | D        | Noticed a dread
    87 | D        | Killed a meat berserker
    87 | D        | Reached XP level 25. HP: 256/256 MP: 25/48
    88 | D        | Noticed a meat berserker
    88 | D        | Killed a bag of meat
    88 | D        | Killed a bag of meat
    89 | D        | Noticed a dread
    89 | D        | Killed a meat berserker
    89 | D        | Killed a sculptor of flesh
    90 | D        | Noticed a bag of meat
    92 | D        | Killed a bag of meat
    92 | D        | Killed a bag of meat
    94 | D        | Killed a dread
    94 | D        | Killed a meat berserker
    94 | D        | Killed a sculptor of flesh
    94 | D        | Reached XP level 26. HP: 265/265 MP: 27/48
    95 | D        | Noticed a bag of meat
    95 | D        | Killed a destroyer
    95 | D        | Killed a wretched soul
    96 | D        | Killed a bag of meat
    96 | D        | Killed a wretched soul
    97 | D        | Noticed a meat berserker
    97 | D        | Killed a dread
    98 | D        | Noticed a meat beast
    98 | D        | Killed a bag of meat
    98 | D        | Killed a bag of meat
    99 | D        | Noticed a sculptor of flesh
    99 | D        | Noticed a bag of meat
   101 | D        | Killed a meat beast
   101 | D        | Killed a large bag of meat
   102 | D        | Noticed a bag of meat
   102 | D        | Noticed a bag of meat
   104 | D        | Noticed a bag of meat
   104 | D        | Noticed a tyrant
   104 | D        | Killed a bag of meat
   104 | D        | Reached XP level 27. HP: 214/272 MP: 29/49
   104 | D        | Killed an observer
   105 | D        | Killed a meat berserker
   105 | D        | Killed an observer
   107 | D        | Noticed a meat berserker
   107 | D        | Killed a tyrant
   107 | D        | Killed a bag of meat
   107 | D        | Killed a sculptor of flesh
   108 | D        | Noticed a bag of meat
   108 | D        | Killed a bag of meat
   109 | D        | Noticed a tyrant
   109 | D        | Killed a bag of meat
   109 | D        | Killed an observer
   111 | D        | Killed a meat berserker
   111 | D        | Killed a bag of meat
   112 | D        | Noticed a destroyer
   113 | D        | Noticed a dread
   119 | D        | Killed a dread
   120 | D        | Killed a tyrant
   122 | D        | Noticed a fleshlord
   122 | D        | Noticed an eight-headed meat hydra
   122 | D        | Noticed a dread
   122 | D        | Killed a destroyer
   124 | D        | Noticed a bag of meat
   124 | D        | Noticed a meat berserker
   124 | D        | Noticed an accursed
   124 | D        | Noticed a dread
   124 | D        | Killed a fleshlord
   125 | D        | Noticed a bag of meat
   126 | D        | Noticed an eight-headed meat hydra
   126 | D        | Noticed a tyrant
   126 | D        | Killed a dread
   127 | D        | Noticed a bag of meat
   127 | D        | Noticed a fleshlord
   128 | D        | Noticed a bag of meat
   128 | D        | Noticed an eight-headed meat hydra
   129 | D        | Noticed a fleshlord
   129 | D        | Noticed a fleshlord
   129 | D        | Noticed a meat berserker
   129 | D        | Noticed a fleshlord
   130 | D        | Noticed a bag of meat
   130 | D        | Killed a meat berserker
   130 | D        | Killed a nine-headed meat hydra
   131 | D        | Noticed a dread
   131 | D        | Noticed The Servant
   132 | D        | Noticed a bag of meat
   132 | D        | Killed a meat berserker
   132 | D        | Killed a nine-headed meat hydra
   132 | D        | Killed a fleshlord
   133 | D        | Noticed a meat berserker
   133 | D        | Noticed a bag of meat
   133 | D        | Killed a dread
   134 | D        | Killed a bag of meat
   134 | D        | Killed a fleshlord
   135 | D        | Noticed a fleshlord
   135 | D        | Killed a fleshlord
   136 | D        | Noticed a meat berserker
   136 | D        | Noticed an accursed
   136 | D        | Killed an accursed
   136 | D        | Killed a meat berserker
   136 | D        | Killed an observer
   137 | D        | Noticed a bag of meat
   137 | D        | Noticed a sculptor of flesh
   137 | D        | Killed a dread
   137 | D        | Killed a bag of meat
   137 | D        | Killed a bag of meat
   138 | D        | Noticed a meat beast
   138 | D        | Killed a bag of meat
   138 | D        | Killed a meat berserker
   138 | D        | Killed a bag of meat
   139 | D        | Noticed an accursed
   139 | D        | Noticed a scourge
   139 | D        | Noticed a fleshlord
   139 | D        | HP: 9/272 [accursed/divine providence (15)]
   139 | D        | Annihilated by a bag of meat

Action                   |  1- 3 |  4- 6 |  7- 9 | 10-12 | 13-15 | 16-18 | 19-21 | 22-24 | 25-27 || total
-------------------------+-------+-------+-------+-------+-------+-------+-------+-------+-------++-------
Melee: Executioner's axe |     1 |       |       |     2 |     3 |    12 |    12 |    25 |    31 ||    86
